 Dungeon Crawl Stone Soup version 0.27-a0-279-gdfb9265905 (webtiles) character file.

Game seed: 4508917214203193588

6094 caco the Martial Artist (level 10, 13/63 HPs)
             Began as an Octopode Delver on Feb 6, 2021.
             Was an Initiate of Gozag.
             Quit the game on level 10 of the Dungeon on Feb 7, 2021.
             The game lasted 00:43:03 (15289 turns).

caco the Martial Artist (Octopode Delver)          Turns: 15289, Time: 00:43:04

Health: 13/63      AC:  1    Str: 17    XL:     10   Next: 88%
Magic:  10/10      EV: 32    Int: 12    God:    Gozag
Gold:   108        SH:  7    Dex: 18    Spells: 7/9 levels left

rFire    . . .     SeeInvis .     - Unarmed
rCold    . . .     Faith    .   f - +0 buckler
rNeg     + . .     Spirit   .   (helmet restricted)
rPois    +         Reflect  .   w - amulet of the acrobat
rElec    .         Harm     .   x - ring of positive energy
rCorr    .         Rampage  .   n - +6 ring of strength
Will     +....                  y - ring of willpower
Stlth    +++++.....             D - ring of poison resistance
HPRegen  0.20/turn              F - ring of wizardry
MPRegen  0.12/turn              (no ring)
                                (no ring)
                                (no ring)

@: gold aura, acrobat
A: almost no armour, stealthy swim, amphibious, 8 rings, constrict 8, camouflage
1, gelatinous body 1
a: Renounce Religion, Potion Petition, Call Merchant, Bribe Branch


You were on level 10 of the Dungeon.
You worshipped Gozag.
Gozag was aware of your devotion.
You visited 2 branches of the dungeon, and saw 12 of its levels.

You collected 2126 gold pieces.
You spent 425 gold pieces at shops.
You paid 1593 gold pieces to Gozag.

Inventory:

Missiles
 g - 5 atropa-tipped darts
 j - 377 stones (quivered)
 q - 22 poisoned darts
 C - a throwing net
Armour
 f - a +0 buckler (worn)
Jewellery
 n - a +6 ring of strength (right tentacle)
 w - an amulet of the acrobat (around mantle)
 x - a ring of positive energy (left tentacle)
 y - a ring of willpower (on tentacle)
 B - an uncursed ring of fire
 D - a ring of poison resistance (on tentacle)
 F - a ring of wizardry (on tentacle)
Wands
 e - a wand of digging (11)
 s - a wand of flame (26)
Scrolls
 a - 4 scrolls of fog
 b - 2 scrolls of magic mapping
 i - 4 scrolls of enchant weapon
 l - 6 scrolls of teleportation {unknown}
 m - 3 scrolls of blinking {unknown}
 o - 3 scrolls of remove curse
 r - 4 scrolls of amnesia
 u - 4 scrolls of immolation
 z - a scroll of vulnerability {unknown}
 E - a scroll of enchant armour {unknown}
 G - a scroll of torment {unknown}
 J - a scroll of noise {unknown}
Potions
 c - a potion of heal wounds
 d - a potion of haste
 h - 6 potions of curing
 k - 2 potions of brilliance
 p - 2 potions of might
 t - a potion of attraction
 v - 3 potions of cancellation
 A - a potion of ambrosia
 H - a potion of degeneration
 I - a potion of flight {unknown}


   Skills:
 - Level 3.0 Fighting
 + Level 6.2 Dodging
 - Level 8.1 Stealth
 - Level 9.0 Shields
 + Level 11.4 Unarmed Combat


You had 7 spell levels left.
You knew the following spells:

 Your Spells              Type           Power        Failure   Level
a - Passwall              Tmut/Erth      0%           21%         2

Your spell library contained the following spells:

 Spells                   Type           Power        Failure   Level
 Animate Skeleton         Necr           0%           13%         1
 Pain                     Necr           0%           13%         1
 Sandblast                Erth           0%           13%         1
 Summon Small Mammal      Summ           0%           13%         1
 Call Imp                 Summ           0%           21%         2
 Call Canine Familiar     Summ           0%           36%         3
 Stone Arrow              Conj/Erth      0%           36%         3
 Summon Guardian Golem    Hex/Summ       0%           36%         3
 Vampiric Draining        Necr           0%           36%         3
 Animate Dead             Necr           0%           75%         4
 Petrify                  Tmut/Erth      0%           75%         4
 Summon Ice Beast         Ice/Summ       0%           75%         4
 Summon Lightning Spire   Summ/Air       0%           75%         4
 Agony                    Necr           0%           97%         5
 Lee's Rapid Deconstruct  Erth           0%           97%         5


Dungeon Overview and Level Annotations

Branches:
Dungeon (11/15)            Temple (1/1) D:5            Lair (0/6) D:9
    Orc: D:9-12

Altars:
Ashenzari
Cheibriados
Dithmenos
Elyvilon
Fedhas
Gozag
Hepliaklqana
Kikubaaqudgha
Makhleb
Nemelex Xobeh
Okawaru
Qazlal
Ru
Sif Muna
Trog
Uskayaw
Vehumet
Wu Jian
Xom
Yredelemnul
Zin
The Shining One

Shops:
D:4 ?   D:6 =   D:10 [

Annotations:
D:4 1 runed translucent door, Crazy Yiuf, Prince Ribbit
D:6 exclusion: oklob plant
D:10 exclusion: two-headed ogre, Josephine


Innate Abilities, Weirdness & Mutations

You cannot wear most types of armour.
You are very stealthy in the water. (Stealth+)
You are amphibious.
You can wear up to eight rings at the same time.
You can use your tentacles to constrict eight enemies at once.
Your skin changes colour to match your surroundings (Stealth+).
Your rubbery body absorbs attacks. (AC +1, EV +1)


Message History

You see here 7 javelins.
You block something's attack.
Deactivating autopickup; reactivate with Ctrl-A.
Something misses you.
You closely miss something. Something barely misses you.
Something closely misses you. You block something's attack.
You closely miss something. Something hits you. Something hits you.
You tentacle-slap something but do no damage.
You tentacle-slap something! Something hits you!
* * * LOW HITPOINT WARNING * * *
You block something's attack. Something barely misses you.
Something completely misses you. Something completely misses you.
You block something's attack. Something hits you.
* * * LOW HITPOINT WARNING * * *
Something barely misses you. Something misses you.
Are you sure you want to abandon this character and quit the game? (Confirm with "yes".)

#..#'###...........##
#..#...#............#
#[.#.∏.#...######...#
##..#...#...# #...#
#...#####...# #....
#...^.......# #....
#...........# #....
#...........######....
#....@...............#
###.................[#
#..................#
#....(.............<
#...................
#...................
#...................
#..........#######..
#!.........#.....#..


There were no monsters in sight!

Vanquished Creatures
  Nergalle (D:10)
  Maggie (D:6)
  2 trolls
  Grinder (D:4)
  Sigmund (D:4)
  3 yaks
  Menkaure (D:7)
  A water moccasin (D:10)
  3 orc warriors
  2 ice beasts
  3 sky beasts
  2 necrophages
  A black bear (D:9)
  5 ogres
  3 centaurs
  3 phantoms
  Blork the orc (D:6)
  2 bullfrogs
  A big kobold (D:7)
  A wyvern zombie (D:10)
  A water moccasin skeleton (D:4)
  6 killer bees
  A howler monkey (D:6)
  A centaur zombie (D:8)
  A bullfrog zombie (D:8)
  10 jellies
  2 bullfrog skeletons
  6 orc priests
  2 iguanas
  5 orc wizards
  4 worker ants
  2 hound zombies
  A howler monkey zombie (D:10)
  Robin (D:4)
  5 adders
  A howler monkey skeleton (D:5)
  2 shadow imps
  A white imp (D:7)
  3 ufetubi
  12 oozes (D:6)
  2 adder zombies
  2 adder skeletons
  2 worms (D:3)
  A dart slug (D:2)
  4 leopard geckos
  46 orcs
  8 bats
  4 giant cockroaches
  13 goblins
  12 hobgoblins
  19 jackals
  8 quokkas
  A ball python skeleton (D:6)
  4 frilled lizards
  A jackal zombie (D:6)
  13 kobolds
  A leopard gecko skeleton (D:4)
  A leopard gecko zombie (D:5)
  8 rats
255 creatures vanquished.

Vanquished Creatures (others)
  6 fungi (D:6)
6 creatures vanquished.

Grand Total: 261 creatures vanquished

Notes
Turn   | Place    | Note
-------+----------+-------------------------------------------
     0 | D:5      | caco the Octopode Delver began the quest for the Orb.
     0 | D:5      | Reached XP level 1. HP: 16/16 MP: 1/1
     9 | D:5      | Found a hide-covered altar of Uskayaw.
    92 | D:4      | Found an opulent altar of Gozag.
   192 | D:4      | Noticed an ogre
   213 | D:4      | Found a runed translucent door.
   214 | D:4      | Noticed Crazy Yiuf
   273 | D:4      | Noticed Sigmund
   307 | D:4      | Noticed Robin
   353 | D:4      | Noticed Grinder
   353 | D:4      | Noticed an orc wizard
   389 | D:3      | Reached XP level 2. HP: 21/21 MP: 2/2
   515 | D:4      | Upgraded the game from 0.27-a0-277-g024f7ef292 to
                  | 0.27-a0-279-gdfb9265905
   901 | D:1      | Reached skill level 3 in Unarmed Combat
  1138 | D:1      | Reached XP level 3. HP: 22/26 MP: 3/3
  1777 | D:4      | Became a worshipper of Gozag Ym Sagoz the Greedy
  2888 | D:2      | Reached XP level 4. HP: 25/31 MP: 4/4
  4337 | D:3      | Found an ornate altar of the Wu Jian Council.
  4485 | D:3      | Reached skill level 4 in Unarmed Combat
  4485 | D:3      | Reached XP level 5. HP: 35/36 MP: 5/5
  4553 | D:4      | Found Miewneta's Magic Scroll Shoppe.
  4887 | D:5      | Noticed Blork the orc
  4889 | D:4      | Found a blossoming altar of Fedhas.
  4889 | D:4      | Found a snail-covered altar of Cheibriados.
  4964 | D:4      | Reached skill level 1 in Shields
  5185 | D:5      | Noticed Prince Ribbit
  5195 | D:6      | Killed Blork the orc
  5196 | D:6      | Reached XP level 6. HP: 10/42 MP: 6/6
  5453 | D:6      | Noticed Maggie
  5475 | D:6      | Noticed an oklob plant
  5484 | D:6      | Noticed a yak
  5564 | D:4      | Killed Robin
  5631 | D:4      | Found a burning altar of Makhleb.
  5655 | D:4      | Found an ancient bone altar of Kikubaaqudgha.
  5680 | D:4      | Reached skill level 5 in Unarmed Combat
  5794 | D:4      | Paralysed by Grinder for 6 turns
  5830 | D:4      | Paralysed by Grinder for 7 turns
  5842 | D:4      | Killed Grinder
  5843 | D:4      | Reached XP level 7. HP: 42/46 MP: 7/7
  6202 | D:4      | Found a broken altar of Ashenzari.
  6410 | D:3      | Reached skill level 6 in Unarmed Combat
  6883 | D:4      | Killed Sigmund
  7494 | D:5      | Reached XP level 8. HP: 49/52 MP: 8/8
  7591 | D:5      | Found a staircase to the Ecumenical Temple.
  7615 | Temple   | Entered the Ecumenical Temple
  8495 | D:6      | Noticed a yak
  8617 | D:6      | Reached skill level 5 in Shields
  8720 | D:7      | Found a white marble altar of Elyvilon.
  8928 | D:7      | Reached skill level 7 in Unarmed Combat
  8932 | D:7      | Noticed Menkaure
  8941 | D:7      | Killed Menkaure
  9100 | D:6      | Noticed a yak
  9213 | D:6      | Killed Maggie
  9214 | D:6      | Reached skill level 8 in Unarmed Combat
  9247 | D:6      | Reached XP level 9. HP: 56/56 MP: 9/9
  9669 | D:7      | Found a basalt altar of Yredelemnul.
  9669 | D:7      | Found a shimmering altar of Xom.
 10292 | D:7      | Identified the +6 long sword of Moral Flaws {vorpal, rElec
                  | Str-2 Int+2}
 10451 | D:6      | Reached skill level 9 in Unarmed Combat
 11541 | D:6      | Bought an uncursed ring of willpower for 425 gold pieces
 11915 | D:7      | Reached skill level 10 in Unarmed Combat
 12047 | D:9      | Reached XP level 10. HP: 35/63 MP: 10/10
 12188 | D:10     | Entered Level 10 of the Dungeon
 12363 | D:10     | Noticed a centaur warrior
 13116 | D:8      | Found a stormy altar of Qazlal.
 13343 | D:9      | Found a staircase to the Lair.
 13409 | D:9      | Found a hazy altar of Hepliaklqana.
 13931 | D:10     | Noticed a two-headed ogre
 13937 | D:10     | Learned a level 2 spell: Passwall
 14067 | D:11     | Noticed a manticore
 14091 | D:11     | Noticed a cyclops
 14442 | D:9      | Reached skill level 5 in Dodging
 14442 | D:9      | Reached skill level 11 in Unarmed Combat
 14762 | D:10     | Noticed Josephine
 15047 | D:10     | Noticed Nergalle
 15054 | D:10     | Killed Nergalle
 15196 | D:10     | AAAAAAGH
 15289 | D:10     | Quit the game

Illustrated notes

#.....
#.....#...#.....## .....
#####.#...#.....# .....
#.'...#.....#
.....#######.##'##....##
#..................#
#..................#
#..#'###...........## #.
#...#............# #
#.@.#...######...#
#...#...# #...##
#####...# #....# ....#
#..... ...# #.....
.######.....
..........##
.........[#.
..........##


Turn 15196 on D:10: AAAAAAGH

Levels and vault maps discovered:
D:1:      dpeg_arrival_rooms_b, layout_loops_corners
D:2:      layout_loops_cross, minmay_pentomino_z4
D:3:      layout_loops_ring, nzn_wu_jian_contemplation
D:4:      layout_loops_ring, lemuel_round_altar, lemuel_doored_altar,
          nicolae_overflow_hidden_temple, overflow_temple_1_default,
          serial_shops, shop, uniq_crazy_yiuf_cottage, uniq_sigmund, uniq_robin,
          uniq_grinder
D:5:      layout_basic, general_overflow_altar, minmay_temple_entry_mini_moons,
          uniq_blork_the_orc, uniq_prince_ribbit1
D:6:      lemuel_slime, layout_basic, uniq_maggie
D:7:      layout_loops_ring, elyvilon_altar_5, gammafunk_temple_overflow_wave,
          uniq_menkaure
D:8:      layout_loops_ring, lemuel_round_altar,
          hangedman_abyss_or_decor_lesser_grid
D:9:      layout_rooms, old_standard_altar, dpeg_oklobed_lair,
          grunt_decor_clamped
D:10:     minmay_chambers_of_sixes, layout_irregular_city,
          minmay_misc_feat_doors, uniq_josephine, uniq_nergalle
D:11:     layout_rooms, basic_altar, the_bakery
Temple:   jpeg_temple_island

Skill      XL: |  1  2  3  4  5  6  7  8  9 10 |
---------------+-------------------------------+-----
Unarmed Combat | 3 4 5 6 8 10 11 | 11.4
Stealth        | 7 8 |  8.1
Shields        | 2 3 4 6 9 |  9.0
Dodging        | 6 |  6.2
Fighting       | |  3.0

Action                   |  1- 3 |  4- 6 |  7- 9 | 10-12 || total
-------------------------+-------+-------+-------+-------++-------
Melee: Unarmed           |   102 |   112 |   288 |   183 ||   685
       Constrict         |    30 |    31 |    33 |    36 ||   130
       Tentacles         |    18 |    25 |    67 |    40 ||   150
       Punch             |     3 |     2 |    24 |    14 ||    43
Throw: Stone             |     5 |     6 |    28 |    12 ||    51
       Dart              |     2 |    55 |    10 |    31 ||    98
Invok: Call Merchant     |       |       |     1 |     1 ||     2
Evoke: Wand              |       |     1 |       |       ||     1
  Use: Scroll            |       |    10 |     4 |     2 ||    16
       Potion            |       |     1 |     3 |     2 ||     6
 Stab: Sleeping          |    17 |     4 |    19 |    12 ||    52
       Invisible         |     1 |     4 |       |     2 ||     7
       Distracted        |       |       |     1 |     3 ||     4
Armor: Skin              |    11 |     7 |    34 |     2 ||    54
Dodge: Dodged            |    53 |    54 |    99 |    92 ||   298
Block: Buckler           |     9 |    14 |    59 |    48 ||   130

Table legend: (Time is in decaauts)
 A = Elapsed time spent in this place.
 B = Non-inter-level travel time spent in this place.
 C = Inter-level travel time spent in this place.
 D = Time resting spent in this place.
 E = Time spent auto-exploring this place.
 F = Levels seen in this place.
 G = Mean time per level.
                   A        B        C        D        E       F      G
               +--------+--------+--------+--------+--------+-----+--------+
         Total |  15275 |  14242 |   1033 |   2549 |   6951 |  12 | 1272.9 |
       Dungeon |  14828 |  13811 |   1017 |   2549 |   6522 |  11 | 1348.0 |
        Temple |    446 |    430 |     16 |      0 |    429 |   1 |  446.0 |
               +--------+--------+--------+--------+--------+-----+--------+

Top non-repeatable levels by time:
     D:6: 2428 daAuts
     D:4: 2108 daAuts
     D:3: 1463 daAuts
     D:7: 1406 daAuts
     D:2: 1356 daAuts
     D:1: 1344 daAuts
     D:9: 1284 daAuts
     D:5: 1215 daAuts
     D:8: 1151 daAuts
    D:10: 972 daAuts
  Temple: 446 daAuts
    D:11: 95 daAuts
